 Dungeon Crawl Stone Soup version 0.30-a0-772-g5528072125 (webtiles) character file.

Game seed: 14112188023265428345

821 kingofthe the Sneak (level 7, -3/41 HPs)
             Began as an Octopode Fire Elementalist on Feb 13, 2023.
             Slain by an orc warrior
             ... wielding a +0 scimitar
              (11 damage)
             ... on level 6 of the Dungeon.
             The game lasted 00:12:54 (5507 turns).

kingofthe the Sneak (Octopode Fire Elementalist)    Turns: 5507, Time: 00:12:55

Health: -3/41      AC:  5    Str:  8    XL:     7   Next: 95%
Magic:  1/12       EV: 14    Int: 23    God:
Gold:   323        SH:  0    Dex: 14    Spells: 10/13 levels left

rFire   + . .      SeeInvis .    a - +11 hand axe "Tobbata" {drain, Int+6}
rCold   x . .      Faith    .    (no shield)
rNeg    . . .      Spirit   .    (helmet restricted)
rPois   .          Reflect  .    (no amulet)
rElec   .          Harm     .    e - +4 ring of protection
rCorr   .          Rampage  .    n - ring of fire
Will    .....                    (no ring)
Stlth   ++++                     (no ring)
HPRegen 0.26/turn                (no ring)
MPRegen 0.13/turn                (no ring)
                                 (no ring)
                                 (no ring)

@: no status effects
A: almost no armour, amphibious, 8 rings, camouflage 1, gelatinous body 1,
(nimble swimmer 1), tentacles
a: no special abilities


You were on level 6 of the Dungeon.
You visited 1 branch of the dungeon, and saw 6 of its levels.

You collected 362 gold pieces.
You spent 39 gold pieces at shops.

Inventory:

Hand Weapons
 a - the +11 hand axe "Tobbata" (weapon) {drain, Int+6}
   (You found it on level 2 of the Dungeon)

   Int:       It affects your intelligence (+6).
 b - a +0 hand axe of flaming
 p - a +2 spear of venom
Jewellery
 e - a +4 ring of protection (left tentacle)
 n - a ring of fire (right tentacle)
Wands
 r - a wand of flame (17)
Scrolls
 d - 3 scrolls of identify
 f - a scroll of immolation
 g - a scroll of summoning {unknown}
 h - a scroll of enchant weapon {unknown}
 i - a scroll of blinking {unknown}
 j - a scroll of fog {unknown}
 m - a scroll of vulnerability {unknown}
 q - a scroll of magic mapping {unknown}
 t - a scroll of fear {unknown}
 u - a scroll of teleportation {unknown}
Potions
 c - 7 potions of curing
 k - a potion of magic
 l - 2 potions of might
 o - a potion of invisibility
 s - 2 potions of resistance


   Skills:
 * Level 4.5 Dodging
 + Level 5.0 Stealth
 + Level 3.8 Spellcasting
 * Level 4.1 Conjurations
 * Level 5.0 Fire Magic


You had 10 spell levels left.
You knew the following spells:

 Your Spells              Type           Power      Damage    Failure   Level
a - Foxfire               Conj/Fire      100%       2x1d9     1%          1
b - Scorch                Fire           82%        2d9       1%          2

Your spell library contained the following spells:

 Spells                   Type           Power      Damage    Failure   Level
 Inner Flame              Hex/Fire       24%        N/A       12%         3
 Kindle Blastsparks       Fire/Tloc/Air  36%        2d13      16%         3
 Flame Wave               Conj/Fire      38%        2d10      16%         4
 Ozocubu's Armour         Ice            4%         N/A       32%         3
 Ozocubu's Refrigeration  Ice            2%         4d7       100%        7


Dungeon Overview and Level Annotations

Branches:
Dungeon (6/15)
 Temple: D:4-7

Altars:

Shops:
D:1 !

Annotations:
D:3 2 transporters, pigah's ghost, amateur OpWn
D:5 Dowan; Duvessa


Innate Abilities, Weirdness & Mutations

You cannot wear most types of armour.
You are amphibious.
You can wear up to eight rings at the same time.
Your skin changes colour to match your surroundings (Stealth+).
Your rubbery body absorbs attacks. (AC +1, EV +1)
((You are camouflaged when in or above water. (Stealth+)))
You have tentacles for arms and can constrict up to eight enemies at once.


Message History

You hear a shout!
Casting: Scorch (safe; 1% risk of failure)
Confirm with . or Enter, or press ? or * to list all spells.
You feel a surge of power!
You conjure some foxfire!
The orc shouts!
An orc priest comes into view. It is wielding a +0 war axe.
The orc warrior hits you with a +0 scimitar.
Casting: Foxfire (safe; 1% risk of failure)
Confirm with . or Enter, or press ? or * to list all spells.
You feel a surge of power!
Flames lash the orc warrior.
The orc warrior is burned terribly!
The orc warrior is heavily wounded.
The foxfire hits the orc warrior but does no damage.
The orc warrior is heavily wounded.
The foxfire hits the orc warrior.
The orc warrior is heavily wounded.
An orc comes into view. It is wielding a +0 mace.
The orc warrior hits you with a +0 scimitar!
Casting: Scorch (safe; 1% risk of failure)
Confirm with . or Enter, or press ? or * to list all spells.
You feel a surge of power!
You conjure some foxfire!
The orc priest looks braver for a moment.
The orc warrior barely misses you.
The foxfire hits the orc.
The orc is heavily wounded.
Casting: Foxfire (safe; 1% risk of failure)
Confirm with . or Enter, or press ? or * to list all spells.
You feel a surge of power!
Flames lash the orc.
You kill the orc!
The foxfire hits the orc warrior but does no damage.
The orc warrior is heavily wounded.
The orc warrior hits you with a +0 scimitar.
Casting: Scorch (safe; 1% risk of failure)
Confirm with . or Enter, or press ? or * to list all spells.
You feel a surge of power!
Flames lash the orc.
You kill the orc!
The orc priest invokes the aid of Beogh against you.
Beogh smites you!
* * * LOW HITPOINT WARNING * * *
The orc warrior hits you with a +0 scimitar!
You die...

...## ...# o..# .o.
##). ##..# #.## #.)o#
........###..@#
...........#.#
........# #.#
........###.#
#)..........######.
..##.#...##...........
#....#...###.......#.#
#.. #..<.###......##
....#.............#


You could see an orc warrior (combustible), an orc priest and an orc.

Vanquished Creatures
  An ogre (D:5)
  A centaur (D:6)
  A phantom (D:5)
  A scorpion (D:3)
  A gnoll sergeant (D:3)
  2 hounds (D:5)
  An orc priest (D:3)
  3 iguanas
  2 orc wizards (D:4)
  6 gnolls
  10 adders
  An ufetubus (D:5)
  3 worms
  A dart slug (D:2)
  16 orcs
  5 bats
  4 endoplasms
  A giant cockroach (D:2)
  10 goblins
  4 hobgoblins
  2 kobolds
  8 quokkas
  2 ball pythons
  3 frilled lizards
  5 rats
94 creatures vanquished.

Vanquished Creatures (collateral kills)
  3 foxfires (D:2)
3 creatures vanquished.

Vanquished Creatures (others)
  333 foxfires
333 creatures vanquished.

Grand Total: 430 creatures vanquished

Notes
Turn   | Place    | Note
-------+----------+-------------------------------------------
     0 | D:1      | kingofthe the Octopode Fire Elementalist began the quest
                  | for the Orb.
     0 | D:1      | Reached XP level 1. HP: 11/11 MP: 3/3
   192 | D:1      | Reached XP level 2. HP: 17/17 MP: 1/5
   321 | D:1      | Found Tajaj's Distillery.
   408 | D:1      | Bought a potion of curing for 39 gold pieces
   798 | D:2      | Learned a level 2 spell: Scorch
   873 | D:2      | Reached XP level 3. HP: 21/21 MP: 1/6
  1633 | D:2      | Reached XP level 4. HP: 27/27 MP: 2/8
  1834 | D:2      | Identified the +11 hand axe "Tobbata" {drain, Int+6}
  2214 | D:3      | Noticed a gnoll sergeant
  2215 | D:3      | Noticed a scorpion
  2218 | D:3      | Killed a scorpion
  2219 | D:3      | Reached XP level 5. HP: 31/31 MP: 2/9
  2405 | D:3      | Reached XP level 6. HP: 36/36 MP: 3/10
  2744 | D:3      | Found a transporter.
  2747 | D:3      | Noticed pigah's ghost (amateur OpWn)
  2984 | D:3      | Found a transporter.
  3714 | D:4      | Identified the +3 scale mail "Healoun" {rN+ Dex+4}
  4084 | D:5      | Entered Level 5 of the Dungeon
  4285 | D:5      | Noticed Duvessa
  4291 | D:5      | Noticed Dowan
  4443 | D:4      | Reached XP level 7. HP: 32/41 MP: 7/12
  5451 | D:6      | Reached skill level 5 in Stealth
  5451 | D:6      | Reached skill level 5 in Fire Magic
  5507 | D:6      | Slain by an orc warrior

Illustrated notes

Levels and vault maps discovered:
D:1:      ncdulo_smallfort, layout_rooms, serial_shops, shop_fountains
D:2:      kennysheep_six_static_rooms, layout_loops_ring, chequers_big_river
D:3:      layout_basic, gammafunk_ghost_mausoleum
D:4:      layout_basic, kennysheep_flooded_box, grunt_ministairs_6,
          serial_park_tiny_1
D:5:      layout_gridville, kennysheep_small_circle, uniq_duvessa
D:6:      layout_cave_pools, gammafunk_temple_overflow_claw,
          mainiacjoe_overflow_swirl, enter_ossuary_4, uniq_pikel

Skill      XL: |  1  2  3  4  5  6  7 |
---------------+----------------------+-----
Stealth        | 3 4 5 |  5.0
Spellcasting   | 3 |  3.8
Conjurations   | 2 3 4 |  4.1
Dodging        | 3 4 |  4.5
Fire Magic     | 4 5 |  5.0

Action                     |  1- 3 |  4- 6 |  7- 9 || total
---------------------------+-------+-------+-------++-------
  Melee: Unarmed           |     3 |     1 |       ||     4
         Constrict         |     2 |     2 |     1 ||     5
         Hand axe          |       |     7 |     2 ||     9
         Tentacles         |       |     1 |       ||     1
   Cast: Foxfire           |    63 |    90 |    40 ||   193
         Scorch            |     4 |    11 |     9 ||    24
    Use: Scroll            |       |     6 |       ||     6
 Armour: Skin              |     4 |     4 |     2 ||    10
  Dodge: Dodged            |     8 |    14 |    10 ||    32

Table legend: (Time is in decaauts)
 A = Elapsed time spent in this place.
 B = Non-inter-level travel time spent in this place.
 C = Inter-level travel time spent in this place.
 D = Time resting spent in this place.
 E = Time spent auto-exploring this place.
 F = Levels seen in this place.
 G = Mean time per level.
                   A        B        C        D        E       F      G
               +--------+--------+--------+--------+--------+-----+--------+
         Total |   5514 |   5126 |    388 |    829 |   3610 |   6 |  919.0 |
       Dungeon |   5514 |   5126 |    388 |    829 |   3610 |   6 |  919.0 |
               +--------+--------+--------+--------+--------+-----+--------+

Top non-repeatable levels by time:
     D:2: 1685 daAuts
     D:4: 1444 daAuts
     D:5: 810 daAuts
     D:3: 793 daAuts
     D:1: 735 daAuts
     D:6: 44 daAuts
